 Dungeon Crawl Stone Soup version 0.28-a0-1545-g945cd3f27e (webtiles) character file.

Game seed: 17856210987222781543

7 BritishOli the Ducker (level 1, -3/16 HPs)
             Began as a Demonspawn Gladiator on Jan 18, 2022.
             Slain by a goblin (5 damage)
             ... on level 1 of the Dungeon.
             The game lasted 00:00:18 (381 turns).

BritishOli the Ducker (Demonspawn Gladiator)         Turns: 381, Time: 00:00:19

Health: -3/16      AC:  4    Str: 14    XL:     1   Next: 91%
Magic:  1/1        EV: 12    Int:  9    God:
Gold:   31         SH:  0    Dex: 14    Spells: 0/0 levels left

rFire   . . .      SeeInvis .   a - +0 war axe
rCold   . . .      Faith    .   (no shield)
rNeg    . . .      Spirit   .   b - +0 leather armour
rPois   .          Reflect  .   c - +0 helmet
rElec   .          Harm     .   (no cloak)
rCorr   .          Rampage  .   (no gloves)
Will    .....                   (no boots)
Stlth   +.........              (no amulet)
HPRegen 0.05/turn               (no ring)
MPRegen 0.07/turn               (no ring)

@: no status effects
A: no striking features
a: no special abilities


You were on level 1 of the Dungeon.
You visited 1 branch of the dungeon, and saw 1 of its levels.

You collected 31 gold pieces.

Inventory:

Hand Weapons
 a - a +0 war axe (weapon)
Missiles
 d - 3 throwing nets (quivered)
Armour
 b - a +0 leather armour (worn)
 c - a +0 helmet (worn)
Potions
 e - a potion of ambrosia {unknown}


   Skills:
 + Level 2.1 Fighting
 + Level 2.8 Axes
 + Level 2.0 Throwing
 + Level 2.8 Dodging


You couldn't memorise any spells.
You didn't know any spells.
Your spell library contained the following spells:

 Spells                   Type           Power      Damage    Failure   Level
 Ensorcelled Hibernation  Hex/Ice        0%         N/A       61%         2
 Passwall                 Tmut/Erth      0%         N/A       61%         2
 Swiftness                Air            0%         N/A       83%         3


Dungeon Overview and Level Annotations

Branches:
Dungeon (1/15)

Altars:


Message History

An endoplasm comes into view.
The endoplasm quivers.
An endoplasm is nearby!
An endoplasm is nearby!
An endoplasm is nearby!
You slash the endoplasm!
You kill the endoplasm!
Your Throwing skill increases to level 2!
A goblin comes into view. It is wielding a +2 dagger of flaming.
A goblin is nearby!
A goblin is nearby!
A goblin is nearby!
A goblin is nearby!
The goblin shouts!
A goblin is nearby!
The goblin hits you with a +2 dagger of flaming.
The goblin burns you.
A goblin is nearby!
You hit the goblin but do no damage.
The goblin hits you with a +2 dagger of flaming.
The goblin burns you. The goblin closely misses you.
A goblin is nearby!
A goblin is nearby!
You are too injured to fight recklessly!
A goblin is nearby!
You are too injured to fight recklessly!
A goblin is nearby!
You are too injured to fight recklessly!
A goblin is nearby!
A goblin is nearby!
You are too injured to fight recklessly!
A goblin is nearby!
You miss the goblin.
The goblin hits you with a +2 dagger of flaming.
* * * LOW HITPOINT WARNING * * *
The goblin burns you.
* * * LOW HITPOINT WARNING * * *
You closely miss the goblin.
The goblin hits you with a +2 dagger of flaming.
You die...

#.....#.###.#
#.....#.# #.#
#.....#.# #.#
#.#...#.# #.# #
#...#.# #.#
#.#.#.###.###.#
#.............
#..$......#.
#.#....@g.#
#.#.......#
#.#.#.###.# #
#.#.# .# #.#.#
# #.#.# #.# #.


You could see a goblin.

Vanquished Creatures
  An endoplasm (D:1)
  A goblin (D:1)
  3 ball pythons (D:1)
  A frilled lizard (D:1)
  A kobold (D:1)
  2 rats (D:1)
9 creatures vanquished.

Notes
Turn   | Place    | Note
-------+----------+-------------------------------------------
     0 | D:1      | BritishOli the Demonspawn Gladiator began the quest for the
                  | Orb.
     0 | D:1      | Reached XP level 1. HP: 16/16 MP: 1/1
   381 | D:1      | Slain by a goblin

Illustrated notes

Levels and vault maps discovered:
D:1:      minmay_arrival_arboretum_small, layout_basic, serial_shops,
          nicolae_shop_waterfront

Skill      XL: |  1 |
---------------+----+-----
Throwing       | 2 |  2.0
Fighting       | |  2.1
Axes           | |  2.8
Dodging        | |  2.8

Action                   || total
-------------------------++-------
Melee: War axe           ||    22
Armor: Leather armour    ||     3
Dodge: Dodged            ||    12

Table legend: (Time is in decaauts)
 A = Elapsed time spent in this place.
 B = Non-inter-level travel time spent in this place.
 C = Inter-level travel time spent in this place.
 D = Time resting spent in this place.
 E = Time spent auto-exploring this place.
 F = Levels seen in this place.
 G = Mean time per level.
                   A        B        C        D        E       F      G
               +--------+--------+--------+--------+--------+-----+--------+
         Total |    388 |    388 |      0 |      0 |    316 |   1 |  388.0 |
       Dungeon |    388 |    388 |      0 |      0 |    316 |   1 |  388.0 |
               +--------+--------+--------+--------+--------+-----+--------+

Top non-repeatable levels by time:
     D:1: 388 daAuts
